 Dungeon Crawl Stone Soup version 0.25-a0-105-g2289b3b9f1 (webtiles) character file.

Game seed: 17129252150711437692, levelgen mode: deterministic

17958 mortelune the Spear-Bearer (level 12, -10/100 HPs)
             Began as a Demonspawn Wanderer on Nov 16, 2019.
             Killed from afar by an ice dragon (12 damage)
             ... with a blast of cold
             ... in an ice cave.
             The game lasted 00:36:32 (15915 turns).

mortelune the Spear-Bearer (Demonspawn Wanderer)   Turns: 15915, Time: 00:36:32

Health: -10/100    AC: 16    Str: 18 (21) XL:     12   Next: 23%
Magic:  0/14       EV:  3    Int: 18 (20) God:
Gold:   610        SH: 10    Dex: 14 (17) Spells: 11/11 levels left

rFire    x . .     SeeInvis .   a - +2 spear (flame)
rCold    + . .     Gourm    .   K - +0 shield
rNeg     . . .     Faith    .   D - +0 plate armour
rPois    .         Spirit   +   (helmet restricted)
rElec    .         Reflect  .   B - +0 cloak
rCorr    .         Harm     .   h - +2 pair of gloves
MR       .....                  (no boots)
Stlth    ..........             M - amulet of regeneration
HPRegen  0.66/turn              d - +2 ring of dexterity
MPRegen  0.28/turn              g - ring of ice

@: mighty, brilliant, vulnerable
A: horns 1, molten scales 1, agile 1, high mp 1, spiny 2, magic shield, magic
regeneration, magic link
a: no special abilities


You were in an ice cave.
You were not hungry.

You visited 1 branch of the dungeon, and saw 12 of its levels.
You also visited: Ice Cave.

You collected 836 gold pieces.
You spent 226 gold pieces at shops.

Inventory:

Hand Weapons
 a - a +2 spear of flaming (weapon)
 b - a +0 hunting sling
 e - a +0 trident of flaming
Missiles
 s - 315 stones (quivered)
Armour
 h - a +2 pair of gloves (worn)
 B - a +0 cloak (worn)
 D - a +0 plate armour (worn)
 H - a +0 robe of resistance
 K - a +0 shield (worn)
Jewellery
 d - a +2 ring of dexterity (left hand)
 g - a ring of ice (right hand)
 i - an uncursed ring of protection from fire
 j - an uncursed ring of fire
 r - an uncursed ring of poison resistance
 x - an uncursed amulet of the gourmand
 A - a +1 ring of evasion
 I - an uncursed ring of magical power
 L - an uncursed amulet of guardian spirit
 M - an amulet of regeneration (around neck)
Wands
 E - a wand of flame (3)
 N - a wand of clouds (6)
Scrolls
 k - 8 scrolls of remove curse
 l - 8 scrolls of enchant armour
 o - 5 scrolls of identify
 t - 2 scrolls of fog
 w - 2 scrolls of amnesia
 y - a scroll of magic mapping
Potions
 c - 3 potions of curing
 m - 2 potions of lignification
 p - a potion of flight
 q - a potion of cancellation
 v - a potion of might
 z - a potion of magic
Comestibles
 f - 22 rations


   Skills:
 + Level 11.0 Fighting
 * Level 12.5 Polearms
 - Level 1.0 Throwing
 - Level 9.3 Stealth
 * Level 5.8 Shields
 - Level 1.0 Evocations


You had 11 spell levels left.
You didn't know any spells.
Your spell library contained the following spells:

 Spells                   Type           Power        Failure   Level  Hunger
 Beastly Appendage        Tmut           ##....       95%         1    ##.....
 Flame Tongue             Conj/Fire      ##...        95%         1    ##.....
 Sandblast                Erth           ##....       95%         1    ##.....
 Passwall                 Tmut/Erth      ##......     98%         2    ###....
 Sticks to Snakes         Tmut           ##......     98%         2    ###....
 Throw Flame              Conj/Fire      ##....       98%         2    ###....
 Conjure Flame            Conj/Fire      ##......     100%        3    ####...
 Ignite Poison            Fire/Tmut/Pois ##......     100%        3    ####...
 Inner Flame              Hex/Fire       ##......     100%        3    ####...
 Spider Form              Tmut/Pois      ##........   100%        3    ####...
 Stone Arrow              Conj/Erth      ##....       100%        3    ####...
 Airstrike                Air            ##........   100%        4    #####..
 Ice Form                 Ice/Tmut       ###.....     100%        4    #####..
 Petrify                  Tmut/Erth      ##......     100%        4    #####..
 Sticky Flame             Conj/Fire      ##......     100%        4    #####..
 Blade Hands              Tmut           ##........   100%        5    ######.
 Fireball                 Conj/Fire      ##........   100%        5    ######.
 Lee's Rapid Deconstruct  Erth           ##........   100%        5    ######.
 Ring of Flames           Chrm/Fire      ##........   100%        7    #######


Dungeon Overview and Level Annotations

Branches:
Dungeon (12/15)            Temple (0/1) D:4            Lair (0/6) D:11
    Orc (0/2) D:10          IceCv (1/1)

Altars:
Gozag
Kikubaaqudgha
Ru
Sif Muna
Uskayaw
Wu Jian
Yredelemnul
The Shining One

Shops:
D:7 (

Annotations:
D:2 Sigmund
D:3 3 runed translucent doors
D:4 1 runed translucent door, exclusion: downstairs, Crazy Yiuf
D:6 2 transporters, Flugkiller's ghost, novice OpEn


Innate Abilities, Weirdness & Mutations

You have a pair of small horns on your head.
You are partially covered in molten scales. (AC +2)
You are mostly covered in sharp spines.
When hurt, damage is shared between your health and your magic reserves.
You regenerate magic rapidly.
When low on magic, you restore magic in place of health.
You are agile. (Dex +2)
You have an increased reservoir of magic. (+10% MP)


Message History

The blast of cold hits you! You resist.
* * * LOW HITPOINT WARNING * * *
Quiver which item? (- for none, * to show all) (? for menu, Esc to quit)
Okay, then.
It was a potion of brilliance.
You feel clever all of a sudden.
The ice dragon bites you but does no damage.
The ice dragon claws you!
* * * LOW HITPOINT WARNING * * *
The ice dragon barely misses you.
As you read the scroll of fog, it crumbles to dust.
The scroll dissolves into smoke.
You block the ice dragon's attack. x2
The ice dragon tramples you but does no damage.
The ice dragon is struck by your spines.
The ice dragon bites you. The ice dragon claws you.
* * * LOW HITPOINT WARNING * * *
The ice dragon completely misses you. The ice dragon breathes frost at you.
The blast of cold hits you! You resist.
You die...

#........###
###...#.#...#.#.###
###....###
##.######....#...
###..## ###
########. ##..###
## ##...######
###......##
####..§§## ####§§##
### ##@§###.## $
##§#....# .$
#DD§##.# ...
#####..### ....
#...##.## .D...
##.D....#.....#
####......#
########


You could see 2 ice dragons.

Vanquished Creatures
  A centaur warrior (D:11)
  2 two-headed ogres
  2 unseen horrors
  Pikel (D:8)
  A necromancer (D:11)
  A cyclops (D:11)
  Joseph (D:9)
  2 centaur zombies
  2 ice statues (IceCv)
  A gargoyle (D:10)
  A komodo dragon (D:11)
  2 rime drakes (IceCv)
  2 trolls (D:10)
  2 hornets
  Prince Ribbit (D:7)
  A hippogriff (D:11)
  A shadow (D:11)
  2 wyverns
  9 yaks
  3 wraiths
  Menkaure (D:5)
  A hungry ghost (D:7)
  8 orc warriors
  2 sky beasts
  3 phantoms
  2 black bears
  15 ice beasts
  2 ogres
  4 centaurs
  2 necrophages
  2 big kobolds
  2 gnoll sergeants (D:9)
  4 bullfrogs
  A water moccasin zombie (D:8)
  3 scorpions
  A wyvern skeleton (D:10)
  A water moccasin skeleton (D:11)
  4 killer bees (D:9)
  3 electric eels (D:10)
  7 howler monkeys
  8 crimson imps
  4 bullfrog zombies
  4 centaur skeletons
  8 jellies
  8 orc priests
  A gnoll shaman (D:6)
  11 hounds
  9 orc wizards
  2 iguanas
  9 worker ants
  A hound zombie (D:8)
  A hound skeleton (D:6)
  2 worker ant zombies
  A howler monkey skeleton (D:4)
  9 gnolls
  6 adders
  4 shadow imps
  12 white imps (D:12)
  9 oozes
  3 adder zombies
  An adder skeleton (D:8)
  3 worms
  3 dart slugs
  5 leopard geckos
  66 orcs
  A ball python (D:4)
  7 giant cockroaches
  6 goblins
  12 hobgoblins
  6 jackals
  5 quokkas
  5 bats
  13 frilled lizards
  A jackal skeleton (D:7)
  10 kobolds
  A leopard gecko zombie (D:5)
  A quokka zombie (D:9)
  6 rats
  A fungus (D:4)
371 creatures vanquished.

Vanquished Creatures (others)
  A centaur (D:8)
  An orc wizard (D:3)
  7 plants
9 creatures vanquished.

Grand Total: 380 creatures vanquished

Notes
Turn   | Place    | Note
-------+----------+-------------------------------------------
     0 | D:1      | mortelune the Demonspawn Wanderer began the quest for the
                  | Orb.
     0 | D:1      | mortelune set off with the following items: a +2 spear, a
                  | scroll of teleportation, a potion of curing, a +0 robe, a
                  | +0 dagger, a ration
     0 | D:1      | Reached XP level 1. HP: 21/21 MP: 1/1
   223 | D:1      | Reached skill level 1 in Polearms
   223 | D:1      | Gained mutation: You are partially covered in molten
                  | scales. (AC +2) [demonic ancestry]
   223 | D:1      | Reached XP level 2. HP: 14/27 MP: 2/2
   727 | D:1      | Gained mutation: You are partially covered in sharp spines.
                  | [demonic ancestry]
   727 | D:1      | Reached XP level 3. HP: 26/33 MP: 3/3
  1402 | D:2      | Reached skill level 2 in Polearms
  1666 | D:2      | Reached XP level 4. HP: 36/39 MP: 4/4
  1767 | D:2      | Noticed Sigmund
  1793 | D:3      | Found a runed translucent gate.
  1793 | D:3      | Found a runed translucent gate.
  1793 | D:3      | Found a runed translucent gate.
  2200 | D:3      | Found a shimmering blue altar of Sif Muna.
  2464 | D:3      | Reached XP level 5. HP: 44/44 MP: 5/5
  2576 | D:3      | Reached skill level 3 in Polearms
  2628 | D:3      | Noticed an ogre
  2740 | D:4      | Found a staircase to the Ecumenical Temple.
  3099 | D:4      | Gained mutation: When hurt, damage is shared between your
                  | health and your magic reserves. [demonic ancestry]
  3099 | D:4      | Reached XP level 6. HP: 49/52 MP: 6/6
  3235 | D:4      | Found an opulent altar of Gozag.
  3315 | D:4      | Found a runed translucent door.
  3316 | D:4      | Noticed Crazy Yiuf
  3333 | D:5      | Entered Level 5 of the Dungeon
  3506 | D:5      | Found a glowing golden altar of the Shining One.
  3519 | D:5      | Reached skill level 4 in Polearms
  3545 | D:5      | Found a basalt altar of Yredelemnul.
  3696 | D:5      | Found an ancient bone altar of Kikubaaqudgha.
  3698 | D:5      | Found an ornate altar of the Wu Jian Council.
  3741 | D:6      | Noticed an orc warrior
  4014 | D:5      | Noticed Menkaure
  4042 | D:5      | Killed Menkaure
  4042 | D:5      | Gained mutation: You are mostly covered in sharp spines.
                  | [demonic ancestry]
  4042 | D:5      | Reached XP level 7. HP: 35/58 MP: 2/7
  4502 | D:6      | Reached skill level 5 in Polearms
  4738 | D:6      | Reached skill level 5 in Stealth
  4887 | D:6      | Gained mutation: You have a pair of small horns on your
                  | head. [demonic ancestry]
  4887 | D:6      | Reached XP level 8. HP: 55/65 MP: 6/8
  5017 | D:6      | Reached skill level 6 in Polearms
  5927 | D:6      | Found a transporter.
  5929 | D:6      | Found a transporter.
  5929 | D:6      | Noticed Flugkiller's ghost (novice OpEn)
  6092 | D:7      | Reached skill level 7 in Polearms
  6497 | D:7      | Found Paheinaf's Weapon Emporium.
  6499 | D:7      | Noticed Prince Ribbit
  6540 | D:7      | Killed Prince Ribbit
  6577 | D:7      | Bought a +2 spear of flaming for 226 gold pieces
  6790 | D:7      | Reached XP level 9. HP: 71/73 MP: 7/9
  7157 | D:8      | Reached skill level 8 in Polearms
  7252 | D:8      | Killed an unseen horror
  7407 | D:8      | Noticed Pikel
  7427 | D:8      | Killed Pikel
  7427 | D:8      | Reached skill level 9 in Polearms
  7547 | D:8      | Noticed a two-headed ogre
  7555 | D:8      | Killed a two-headed ogre
  7555 | D:8      | Gained mutation: You regenerate magic rapidly. [demonic
                  | ancestry]
  7555 | D:8      | Reached XP level 10. HP: 82/82 MP: 7/10
  8728 | D:9      | Noticed Joseph
  8751 | D:9      | Killed Joseph
  8953 | D:9      | Found a sacrificial altar of Ru.
  8960 | D:9      | Reached skill level 10 in Polearms
  9037 | D:9      | Noticed a +0 hand axe
  9037 | D:9      | Noticed a +0 dagger
  9389 | D:9      | Found a hide-covered altar of Uskayaw.
  9679 | D:10     | Entered Level 10 of the Dungeon
  9690 | D:10     | Noticed a gargoyle
 10142 | D:10     | Noticed a two-headed ogre
 10149 | D:10     | Killed a two-headed ogre
 10854 | D:10     | Gained mutation: When low on magic, you restore magic in
                  | place of health. [demonic ancestry]
 10854 | D:10     | Reached XP level 11. HP: 80/90 MP: 9/11
 10864 | D:10     | Reached skill level 11 in Polearms
 10876 | D:10     | Reached skill level 10 in Fighting
 11197 | D:10     | Found a staircase to the Orcish Mines.
 11836 | D:10     | Identified the Papyrus of the Floating Blaze
 12706 | D:10     | Paralysed by a hornet for 2 turns
 12708 | D:10     | Reached skill level 1 in Shields
 13838 | D:11     | Noticed a centaur warrior
 13859 | D:11     | Killed a centaur warrior
 14278 | D:11     | Reached skill level 12 in Polearms
 14432 | D:11     | Noticed a necromancer
 14454 | D:11     | Killed a necromancer
 14757 | D:11     | Killed an unseen horror
 14910 | D:11     | Reached skill level 5 in Shields
 14973 | D:11     | Found a staircase to the Lair.
 15154 | D:12     | Reached XP level 12. HP: 99/99 MP: 12/12
 15190 | D:12     | Found a frozen archway.
 15239 | IceCv    | Entered an ice cave
 15880 | IceCv    | Noticed an ice dragon
 15880 | IceCv    | Noticed an ice dragon
 15911 | IceCv    | Gained mutation: You are agile. (Dex +2) [potion of
                  | mutation]
 15911 | IceCv    | Gained mutation: You have an increased reservoir of magic.
                  | (+10% MP) [potion of mutation]
 15913 | IceCv    | HP: 5/100 [ice dragon (5)]
 15914 | IceCv    | HP: 2/100 [ice dragon (3)]
 15915 | IceCv    | Killed from afar by an ice dragon

Levels and vault maps discovered:
D:1:      lightli_arrival_boilingwater, layout_loops_corners, minmay_lizard_king
D:2:      layout_rooms, kennysheep_generic_room_2, uniq_jessica, uniq_sigmund
D:3:      minmay_thinvault, layout_basic, gammafunk_ghost_cemetery, tgw_sif
D:4:      layout_basic, kennysheep_mini, minmay_temple_entry_junction_2,
          first_ration, uniq_crazy_yiuf_cottage
D:5:      layout_basic, minitemple, uniq_menkaure
D:6:      layout_gridville, gammafunk_ghost_mausoleum
D:7:      layout_gridville, serial_shops, shop, chequers_serial_rivers_small_b,
          uniq_prince_ribbit1
D:8:      layout_loops_ring, hangedman_little_slice_of_home, uniq_pikel
D:9:      layout_loops_ring, lemuel_doored_altar, dancing_weapons_uskayaw,
          uniq_joseph
D:10:     layout_roguey, hiddenorc1_lemuel, serial_bayou, serial_bayou_lake_a,
          serial_bayou_pond_a, serial_bayou_shore_b, serial_bayou_pond_e
D:11:     layout_irregular_city, david_lair_shrubbed, minmay_librarian
D:12:     layout_loops_ring, portal_ice_cave_entry_imps
IceCv:    ice_cave_small_dragons

Skill      XL: |  1  2  3  4  5  6  7  8  9 10 11 12 |
---------------+-------------------------------------+-----
Polearms       | 1 2 3 4 5 7 9 10 12 | 12.5
Stealth        | 3 4 5 6 7 9 |  9.3
Fighting       | 6 7 8 9 10 11 | 11.0
Shields        | 5 |  5.8
Throwing       | |  1.0
Evocations     | |  1.0

Action                   |  1- 3 |  4- 6 |  7- 9 | 10-12 || total
-------------------------+-------+-------+-------+-------++-------
Melee: Spear             |   120 |   203 |   304 |  1015 ||  1642
       Headbutt          |       |       |    38 |   227 ||   265
 Fire: Hunting sling     |    15 |    32 |    26 |    20 ||    93
Throw: Stone             |       |     1 |    13 |       ||    14
Evoke: Wand              |       |       |     2 |     9 ||    11
  Use: Scroll            |       |     6 |     4 |     9 ||    19
       Potion            |       |     1 |     1 |    13 ||    15
 Stab: Sleeping          |     1 |       |       |       ||     1
  Eat: Chunk             |     2 |    18 |    15 |    20 ||    55
       Ration            |       |       |       |     1 ||     1
Armor: Chain mail        |    72 |   101 |    48 |       ||   221
       Plate armour      |       |       |    86 |   434 ||   520
Dodge: Dodged            |    18 |    30 |    43 |    54 ||   145
Block: Shield            |       |       |       |   241 ||   241

Table legend:
 A = Non-vault XP
 B = Vault XP
 C = Vault XP percentage of total XP
 D = Non-vault monster count
 E = Vault monster count
 F = Vault count percentage of total count
                 A         B        C        D         E       F
            +---------+---------+-------+---------+---------+-------
      Total |   19105 |    6550 |  25.5 |     293 |      78 |  21.0
            +---------+---------+-------+---------+---------+-------
        D:1 |      42 |      12 |  22.2 |      20 |      10 |  33.3
        D:2 |      42 |       3 |   6.7 |      17 |       2 |  10.5
        D:3 |      62 |      41 |  39.8 |      19 |       5 |  20.8
        D:4 |     192 |       0 |   0.0 |       8 |       0 |   0.0
        D:5 |     696 |     183 |  20.8 |      21 |       1 |   4.5
        D:6 |     923 |       0 |   0.0 |      27 |       0 |   0.0
        D:7 |     835 |     264 |  24.0 |      14 |       1 |   6.7
        D:8 |    2073 |     804 |  27.9 |      21 |       9 |  30.0
        D:9 |    1876 |     471 |  20.1 |      46 |       1 |   2.1
       D:10 |    6143 |     247 |   3.9 |      42 |      17 |  28.8
       D:11 |    5945 |     974 |  14.1 |      47 |       2 |   4.1
       D:12 |     276 |     123 |  30.8 |      11 |      12 |  52.2
      IceCv |       0 |    3428 | 100.0 |       0 |      18 | 100.0
            +---------+---------+-------+---------+---------+-------
